 Dungeon Crawl Stone Soup version 0.22.0-40-g68aacdc4c8 (webtiles) character file.

109 Rjadawoj the Skirmisher (level 4, 0/63 HPs)
             Began as a Minotaur Berserker on Aug 31, 2018.
             Was a Believer of Trog.
             Slain by a gnoll
             ... wielding a +0 spear
              (4 damage)
             ... on level 3 of the Dungeon.
             The game lasted 00:13:36 (1700 turns).

Rjadawoj the Skirmisher (Minotaur Berserker)        Turns: 1700, Time: 00:13:38

Health: 0/63       AC:  8    Str: 26    XL:     4   Next: 59%
Magic:  3/3        EV:  9    Int:  4    God:    Trog [**....]
Gold:   73         SH:  0    Dex: 11    Spells: 3/3 levels left

rFire    . . .     SeeInvis .   k - +0 flail
rCold    . . .     Gourm    .   (no shield)
rNeg     . . .     Faith    .   a - +0 chain mail
rPois    .         Spirit   .   (helmet restricted)
rElec    .         Reflect  .   (no cloak)
rCorr    .         Harm     +   (no gloves)
MR       .....                  (no boots)
Stlth    ..........             b - amulet of harm
HPRegen  0.20/turn              (no ring)
MPRegen  0.08/turn              (no ring)

@: berserking, very quick
A: retaliatory headbutt, horns 2
a: Berserk, Trog's Hand, Renounce Religion


You were on level 3 of the Dungeon.
You worshipped Trog.
Trog was pleased with you.
You were not hungry.

You visited 1 branch of the dungeon, and saw 3 of its levels.

You collected 73 gold pieces.

Inventory:

Hand Weapons
 k - a +0 flail (weapon)
Armour
 a - a +0 chain mail (worn)
Jewellery
 b - an amulet of harm (around neck)
Scrolls
 e - 3 scrolls of identify {unknown}
 f - a scroll of noise {unknown}
 h - a scroll of teleportation {unknown}
Potions
 c - a potion of heal wounds {unknown}
 d - a potion of brilliance {unknown}
 g - 2 potions of flight {unknown}
 i - a potion of magic {unknown}
 j - a potion of curing {unknown}


   Skills:
 * Level 5.5 Fighting
 + Level 4.9 Maces & Flails
 - Level 2.5 Armour
 - Level 2.2 Dodging


You had 3 spell levels left.
You didn't know any spells.
Your spell library was empty.

Dungeon Overview and Level Annotations

Branches:
Dungeon (3/15)

Altars:


Innate Abilities, Weirdness & Mutations

You reflexively headbutt those who attack you in melee.
You have a pair of horns on your head.


Message History

A red film seems to cover your vision as you go berserk!
You feel yourself moving faster!
You feel mighty!
You feel quite a bit more hungry.
The orc shouts!
The orc priest shouts!
The gnoll hits you but does no damage. The gnoll hits you with a flail!
* * * LOW HITPOINT WARNING * * *
The jackal bites you but does no damage.
You sock the gnoll!
You kill the gnoll!
Trog accepts your kill.
The gnoll hits you from afar with a spear.
* * * LOW HITPOINT WARNING * * *
The jackal barely misses you.
An orc comes into view. It is wielding a mace.
The orc shouts!
The orc closely misses you. You furiously retaliate!
You headbutt the orc!
You kill the orc!
Trog accepts your kill. The gnoll hits you with a spear.
You die... .... #o. ... #.......... oo.

#.........####.#
..............#
###...#.#....)g#
#.....#.#.# #@#
##.......#.# #h#
#.....#....####.# #
#.....†.......#.## ..
#....).###.##....#.#
#.##.#.# #.#.......#
#.##.#.# #.....g...#
#.##.#.###.#....>..#
##.##.............#.#


You could see an orc priest, a gnoll, 2 orcs, a jackal and a goblin.

Vanquished Creatures
  2 gnolls (D:3)
  4 adders (D:2)
  A worm (D:2)
  A dart slug (D:2)
  3 leopard geckos
  2 orcs (D:3)
  2 giant cockroaches (D:1)
  3 jackals
  6 kobolds
  3 quokkas
  A ball python (D:1)
  5 bats
  3 frilled lizards (D:1)
  6 goblins
  5 rats
47 creatures vanquished.

Notes
Turn   | Place    | Note
-------+----------+-------------------------------------------
     0 | D:1      | Rjadawoj the Minotaur Berserker began the quest for the Orb.
     0 | D:1      | Reached XP level 1. HP: 19/19 MP: 0/0
   138 | D:1      | Reached skill level 4 in Fighting
   138 | D:1      | Reached XP level 2. HP: 12/27 MP: 1/1
   764 | D:2      | Reached XP level 3. HP: 22/34 MP: 2/2
   994 | D:2      | Reached ** piety under Trog
  1281 | D:2      | Reached skill level 5 in Fighting
  1418 | D:2      | Reached XP level 4. HP: 38/42 MP: 3/3
  1700 | D:3      | Slain by a gnoll

Skill      XL: |  1  2  3 |
---------------+----------+-----
Fighting       | 4 5 |  5.5
Maces & Flails | 4 |  4.9
Armour         | |  2.5
Dodging        | |  2.2

Action                   |  1- 3 |  4- 6 || total
-------------------------+-------+-------++-------
Melee: Mace              |    66 |       ||    66
       Headbutt          |    11 |     4 ||    15
       Flail             |    22 |    23 ||    45
Invok: Berserk           |       |     1 ||     1
  Eat: Ration            |     1 |       ||     1
Armor: Animal skin       |     4 |       ||     4
       Scale mail        |    28 |       ||    28
       Chain mail        |    12 |    17 ||    29
Dodge: Dodged            |    60 |    14 ||    74
